 Dungeon Crawl Stone Soup version 0.29.0-4-gdea44cf6ec (webtiles) character file.

Game seed: 3039070230181519380

12 qw the Firebug (level 2, -2/23 HPs)
             Began as a Ghoul Fire Elementalist on Aug 29, 2022.
             Slain by a kobold
             ... wielding a +0 short sword
              (3 damage)
             ... on level 1 of the Dungeon.
             The game lasted 00:00:29 (983 turns).

qw the Firebug (Ghoul Fire Elementalist)             Turns: 983, Time: 00:00:30

Health: -2/23      AC:  2    Str: 11    XL:     2   Next: 33%
Magic:  3/3        EV:  9    Int: 10    God:
Gold:   34         SH:  0    Dex:  9    Spells: 3/4 levels left

rFire   . . .      SeeInvis .     - Unarmed
rCold   + . .      Faith    .   (no shield)
rNeg    + + +      Spirit   .   a - +0 robe
rPois   inf        Reflect  .   (no helmet)
rElec   .          Harm     .   (no cloak)
rCorr   .          Rampage  .   (no gloves)
Will    .....                   (no boots)
Stlth   ++........              (no amulet)
HPRegen 0.00/turn               (no ring)
MPRegen 0.08/turn               (no ring)

@: inhibited regen, constricted
A: claws 1, cold resistance 1, negative energy resistance 3, inhibited
regeneration, torment resistance 2, devour on kill
a: no special abilities


You were on level 1 of the Dungeon.
You visited 1 branch of the dungeon, and saw 1 of its levels.

You collected 34 gold pieces.


Innate Abilities, Weirdness & Mutations

You are immune to poison.
You have sharp fingernails.
Your flesh is cold resistant. (rC+)
You are immune to negative energy. (rN+++)
You do not regenerate when monsters are visible.
You are immune to unholy pain and torment.
You thrive by killing the living.


   Skills:
 - Level 1.0 Fighting
 - Level 1.7 Dodging
 - Level 2.1 Stealth
 + Level 1.7 Unarmed Combat
 - Level 1.7 Spellcasting
 - Level 0.7 Conjurations
 - Level 2.4 Fire Magic


You had 3 spell levels left.
You knew the following spells:

 Your Spells              Type           Power      Damage    Failure   Level
a - Foxfire               Conj/Fire      16%        2x1d4     17%         1

Your spell library contained the following spells:

 Spells                   Type           Power      Damage    Failure   Level
 Scorch                   Fire           10%        2d5       19%         2
 Conjure Flame            Conj/Fire      4%         6-21      45%         3
 Inner Flame              Hex/Fire       3%         N/A       52%         3
 Flame Wave               Conj/Fire      4%         2d5       86%         4

Inventory:

Armour
 a - a +0 robe (worn)
Scrolls
 d - a scroll of fear {unknown}
Potions
 b - a potion of magic
 c - a potion of degeneration {unknown}
 e - a potion of heal wounds {unknown}

Dungeon Overview and Level Annotations

Branches:
Dungeon (1/15)

Altars:


Message History

You scratch the ball python.
The ball python is severely wounded.
A ball python comes into view.
The ball python closely misses you. The ball python constricts you.
You closely miss the ball python.
The ball python is severely wounded.
The ball python closely misses you. The ball python constricts you.
You scratch the ball python.
You kill the ball python!
You feel better.
You scratch the kobold but do no damage.
The kobold hits you with a +0 short sword.
You closely miss the kobold.
The kobold hits you with a +0 short sword.
You scratch the kobold.
The kobold is severely wounded.
The kobold misses you.
You scratch the kobold but do no damage.
The kobold is severely wounded.
The ball python bites you. The ball python grabs you.
The ball python constricts you. The kobold closely misses you.
You barely miss the ball python. The ball python bites you.
The ball python constricts you. The kobold hits you but does no damage.
You barely miss the ball python. Your claw misses the ball python.
The ball python bites you. The ball python constricts you.
The kobold barely misses you. The ball python barely misses you.
The ball python constricts you.
You completely miss the ball python.
The kobold hits you with a +0 short sword.
The ball python closely misses you. The ball python constricts you.
You barely miss the ball python.
The kobold hits you with a +0 short sword.
The ball python bites you but does no damage.
The ball python constricts you.
You scratch the ball python.
The ball python is moderately wounded.
The ball python barely misses you. The ball python constricts you.
The kobold hits you with a +0 short sword.
You die...

##.. #.# ## ##. #.# .#
#.#####.. #.# .#
.......=. #.# .#
.######.. #.# .# #..}
#.# .# ##...
#.###########.# #..}.
#####.#.........@S#
#.....
>.......#########K>.....
#...}.} ###...###
.###.## #....... ###.###
.# ##..#### #.....# ..
##. #.# #.#.#.### #. #..
......... .# #.#
#.#.#.### .. #.#
#.....>.. #.#


You could see a ball python and a kobold.

Vanquished Creatures
  2 dart slugs (D:1)
  A bat (D:1)
  A giant cockroach (D:1)
  A hobgoblin (D:1)
  2 ball pythons (D:1)
  A rat (D:1)
8 creatures vanquished.

Notes
Turn   | Place    | Note
-------+----------+-------------------------------------------
     0 | D:1      | qw the Ghoul Fire Elementalist began the quest for the Orb.
     0 | D:1      | Reached XP level 1. HP: 14/14 MP: 2/2
     0 | D:1      | 0 ||| qw: Version: 0.1-a-90-g952f4b7
     0 | D:1      | 0 ||| qw: Game counter: 4208
     0 | D:1      | 0 ||| qw: Always use a shield: true
     0 | D:1      | 0 ||| qw: God list: Okawaru
     0 | D:1      | 0 ||| qw: Allow faded altars: false
     0 | D:1      | 0 ||| qw: Do Orc after D:15 true
     0 | D:1      | 0 ||| qw: Do second Lair branch before Depths: true
     0 | D:1      | 0 ||| qw: Lair rune preference: random
     0 | D:1      | 0 ||| qw: Plans: Normal
     0 | D:1      | 0 ||| PLANNING D:1-11
    17 | D:1      | 17 ||| Stepping ~*~*~tactically~*~*~ (hiding).
   119 | D:1      | 119 ||| Stepping ~*~*~tactically~*~*~ (hiding).
   389 | D:1      | 389 ||| Stepping ~*~*~tactically~*~*~ (hiding).
   491 | D:1      | 491 ||| Stepping ~*~*~tactically~*~*~ (hiding).
   494 | D:1      | 494 ||| Stepping ~*~*~tactically~*~*~ (hiding).
   503 | D:1      | Reached skill level 1 in Unarmed Combat
   685 | D:1      | Reached XP level 2. HP: 20/22 MP: 3/3
   769 | D:1      | Reached skill level 1 in Fighting
   982 | D:1      | HP: 3/23 [kobold/+0 short sword (4)]
   983 | D:1      | HP: 1/23 [constriction (1)]
   983 | D:1      | Slain by a kobold

Levels and vault maps discovered:
D:1:      eino_arrival_cavern_a, layout_loops_ring, minmay_misc_feat_roman,
          corexii_leaking_fountain

Skill      XL: |  1  2 |
---------------+-------+-----
Unarmed Combat | 1 |  1.7
Fighting       | 1 |  1.0
Dodging        | |  1.7
Stealth        | |  2.1
Spellcasting   | |  1.7
Conjurations   | |  0.7
Fire Magic     | |  2.4

Action                   || total
-------------------------++-------
Melee: Unarmed           ||    55
Armor: Robe              ||     9
Dodge: Dodged            ||    40

Table legend:
 A = Non-vault XP
 B = Vault XP
 C = Vault XP percentage of total XP
 D = Non-vault monster count
 E = Vault monster count
 F = Vault count percentage of total count
                 A         B        C        D         E       F
            +---------+---------+-------+---------+---------+-------
      Total |      18 |       0 |   0.0 |       8 |       0 |   0.0
            +---------+---------+-------+---------+---------+-------
        D:1 |      18 |       0 |   0.0 |       8 |       0 |   0.0
            +---------+---------+-------+---------+---------+-------
